[ AOE2 MATCH · #508554100 ]
UnrankedCiv #61 vs Malians
[ REPLAY ANALYSIS · EXTRACTED FROM THE RECORDED GAME ]
Feudal
10:56
Castle
14:33
Imperial
30:48
| APM avg | 48.7 |
| APM peak | 168 |
| eAPM avg | 31.8 |
| Villagers / military | 174 / 134 |
Focus
⚔️ 42.8% · 🌾 57.2%
Knight ×95 · Unknown (2703) ×84 · Battering Ram ×18 · Trebuchet (Packed) ×11 · Unknown (2708) ×6 · Petard ×5
Feudal
10:55
Castle
14:40
Imperial
32:34
| APM avg | 31.1 |
| APM peak | 76 |
| eAPM avg | 21.4 |
| Villagers / military | 121 / 133 |
Focus
⚔️ 32.5% · 🌾 67.5%
Camel Scout ×91 · Gbeto ×21 · Petard ×21
Feudal
10:55
Castle
15:01
Imperial
30:05
| APM avg | 25.2 |
| APM peak | 61 |
| eAPM avg | 18.3 |
| Villagers / military | 149 / 138 |
Focus
⚔️ 35.7% · 🌾 64.3%
Spearman ×111 · Unknown (2703) ×24 · Battering Ram ×15 · Mangonel ×6 · Unknown (2705) ×5 · Trebuchet (Packed) ×5
Feudal
10:17
Castle
14:50
Imperial
32:30
| APM avg | 43.1 |
| APM peak | 101 |
| eAPM avg | 20.8 |
| Villagers / military | 133 / 9 |
Focus
⚔️ 39.4% · 🌾 60.6%
Unknown (1944) ×137 · Unknown (1974) ×8 · Petard ×5 · Spearman ×4
Feudal
13:04
Castle
16:59
Imperial
35:29
| APM avg | 23.1 |
| APM peak | 45 |
| eAPM avg | 19.0 |
| Villagers / military | 138 / 21 |
Focus
⚔️ 41.0% · 🌾 59.0%
Unknown (2703) ×179 · Unknown (2705) ×13 · Spearman ×12 · Trebuchet (Packed) ×6 · Petard ×2 · Battering Ram ×1
Feudal
9:28
Castle
13:06
Imperial
43:19
| APM avg | 31.6 |
| APM peak | 86 |
| eAPM avg | 17.8 |
| Villagers / military | 187 / 22 |
Focus
⚔️ 29.4% · 🌾 70.6%
Unknown (2703) ×58 · Monk ×9 · Scorpion ×6 · Battering Ram ×5 · Mangonel ×2
Feudal
11:20
Castle
15:15
Imperial
33:53
| APM avg | 53.8 |
| APM peak | 96 |
| eAPM avg | 25.0 |
| Villagers / military | 192 / 190 |
Focus
⚔️ 24.9% · 🌾 75.1%
Knight ×184 · Bombard Cannon ×4 · Spearman ×1 · Trebuchet (Packed) ×1
Feudal
12:11
Castle
16:28
Imperial
33:35
| APM avg | 20.8 |
| APM peak | 47 |
| eAPM avg | 15.5 |
| Villagers / military | 144 / 194 |
Focus
⚔️ 24.8% · 🌾 75.2%
Spearman ×190 · Unknown (2708) ×115 · Monk ×2 · Trebuchet (Packed) ×2
Match map
Initial resources + every placement click. Lines = walls · curves = elevation contours. ◆ gold · ⬟ stone · ● berries · ✦ relic · ◌ wall gap
Your base· ✓ Closed at 14:33 · 0t walls · 2 gate(s)
PSX | King's base· ✓ Closed at 14:40 · 0t walls · 3 gate(s)
Tesla_G's base· ✓ Closed at 15:01 · 27t walls · 3 gate(s)
CTM | BenOFF's base· ✓ Closed at 14:50 · 0t walls · 2 gate(s)
AeroLag's base· ✓ Closed at 16:59 · 23t walls · 2 gate(s)
CTM | chiwire's base· ✓ Closed at 13:06 · 0t walls · 2 gate(s)
Littlebread's base· ✓ Closed at 15:15 · 0t walls · 2 gate(s)
CTM | Franco*'s base· ✓ Closed at 16:28 · 0t walls · 2 gate(s)
Smoothed initial terrain · ◌ = detected wall gap · hover for details
Inputs per minute
— AXEL2904 - - PSX | King
Build order — AXEL2904
First 150 of 612 actions detected
| 0:02 | Queue | Villager (Male) |
| 0:02 | Queue | Villager (Male) |
| 0:02 | Queue | Villager (Male) |
| 0:03 | Build | House |
| 0:04 | Build | House |
| 0:52 | Queue | Villager (Male) |
| 1:22 | Queue | Villager (Male) |
| 1:22 | Queue | Villager (Male) |
| 1:52 | Queue | Villager (Male) |
| 1:52 | Queue | Villager (Male) |
| 2:07 | Queue | Villager (Male) |
| 2:07 | Queue | Villager (Male) |
| 2:12 | Build | Lumber Camp |
| 2:27 | Queue | Villager (Male) |
| 2:59 | Queue | Villager (Male) |
| 3:08 | Queue | Villager (Male) |
| 3:59 | Queue | Villager (Male) |
| 4:00 | Queue | Villager (Male) |
| 4:03 | Build | House |
| 4:35 | Build | Mill |
| 4:38 | Queue | Villager (Male) |
| 5:00 | Queue | Villager (Male) |
| 5:04 | Queue | Villager (Male) |
| 6:01 | Build | House |
| 6:05 | Queue | Villager (Male) |
| 6:23 | Queue | Villager (Male) |
| 6:45 | Queue | Villager (Male) |
| 7:10 | Queue | Villager (Male) |
| 7:25 | Build | Farm |
| 7:28 | Build | Farm |
| 7:45 | Queue | Villager (Male) |
| 7:49 | Build | Farm |
| 8:18 | Queue | Villager (Male) |
| 8:28 | Queue | Villager (Male) |
| 8:46 | Research | Feudal Age |
| 10:15 | Queue | Villager (Male) |
| 10:15 | Queue | Villager (Male) |
| 10:19 | Build | House |
| 10:56 | Age | Feudal Age |
| 10:59 | Build | Market |
| 11:03 | Build | Blacksmith |
| 11:13 | Research | Double-Bit Axe |
| 11:53 | Research | Castle Age |
| 11:53 | Research | Castle Age |
| 12:07 | Research | Horse Collar |
| 12:41 | Build | Farm |
| 12:42 | Build | Farm |
| 12:46 | Build | Farm |
| 12:52 | Build | Farm |
| 12:55 | Build | Farm |
| 13:30 | Queue | Villager (Male) |
| 13:30 | Queue | Villager (Male) |
| 14:33 | Age | Castle Age |
| 14:37 | Build | Town Center |
| 14:46 | Build | Town Center |
| 14:55 | Research | Bow Saw |
| 14:56 | Research | Heavy Plow |
| 14:59 | Queue | Villager (Male) |
| 15:06 | Build | House |
| 15:18 | Queue | Villager (Male) |
| 15:22 | Build | Farm |
| 15:28 | Build | Farm |
| 15:30 | Build | Farm |
| 15:52 | Queue | Villager (Male) |
| 15:56 | Queue | Villager (Male) |
| 15:57 | Queue | Villager (Male) |
| 16:02 | Build | Farm |
| 16:02 | Build | Farm |
| 16:05 | Build | Farm |
| 16:07 | Queue | Villager (Male) |
| 16:16 | Queue | Villager (Male) |
| 16:20 | Queue | Villager (Male) |
| 16:30 | Build | Farm |
| 16:31 | Queue | Villager (Male) |
| 16:43 | Build | Farm |
| 16:46 | Queue | Villager (Male) |
| 16:51 | Build | Farm |
| 16:51 | Queue | Villager (Male) |
| 16:51 | Queue | Villager (Male) |
| 17:01 | Build | Farm |
| 17:04 | Queue | Villager (Male) |
| 17:15 | Queue | Villager (Male) |
| 17:22 | Build | House |
| 17:23 | Queue | Villager (Male) |
| 17:34 | Queue | Villager (Male) |
| 17:40 | Build | Monastery |
| 17:41 | Queue | Villager (Male) |
| 17:45 | Build | Farm |
| 17:45 | Build | Farm |
| 17:45 | Build | Farm |
| 17:46 | Build | Farm |
| 17:46 | Build | Farm |
| 17:46 | Build | Farm |
| 17:46 | Build | Farm |
| 17:46 | Build | Farm |
| 17:47 | Build | Farm |
| 17:47 | Build | Farm |
| 17:47 | Build | Farm |
| 17:49 | Queue | Villager (Male) |
| 17:49 | Queue | Villager (Male) |
| 17:54 | Queue | Villager (Male) |
| 18:13 | Queue | Villager (Male) |
| 18:14 | Queue | Villager (Male) |
| 18:16 | Build | Farm |
| 18:17 | Build | Farm |
| 18:22 | Queue | Villager (Male) |
| 18:26 | Queue | Monk |
| 18:33 | Queue | Villager (Male) |
| 18:40 | Build | House |
| 18:41 | Queue | Villager (Male) |
| 18:44 | Build | Mining Camp |
| 18:53 | Research | Wheelbarrow |
| 18:57 | Build | Farm |
| 18:57 | Build | Farm |
| 18:57 | Build | Farm |
| 18:57 | Build | Farm |
| 18:57 | Build | Farm |
| 18:58 | Build | Farm |
| 18:58 | Build | Farm |
| 18:58 | Build | Farm |
| 18:58 | Build | Farm |
| 18:59 | Build | Farm |
| 19:01 | Queue | Villager (Male) |
| 19:05 | Build | House |
| 19:05 | Queue | Villager (Male) |
| 19:15 | Queue | Villager (Male) |
| 19:25 | Build | Mill |
| 19:27 | Queue | Villager (Male) |
| 19:27 | Queue | Villager (Male) |
| 19:36 | Build | Farm |
| 19:37 | Queue | Villager (Male) |
| 19:44 | Queue | Villager (Male) |
| 19:54 | Queue | Villager (Male) |
| 19:58 | Build | Farm |
| 19:58 | Build | Farm |
| 19:59 | Build | Farm |
| 19:59 | Build | Farm |
| 19:59 | Build | Farm |
| 19:59 | Queue | Villager (Male) |
| 20:00 | Queue | Villager (Male) |
| 20:00 | Queue | Villager (Male) |
| 20:13 | Queue | Villager (Male) |
| 20:16 | Queue | Monk |
| 20:20 | Queue | Villager (Male) |
| 20:35 | Research | Hand Cart |
| 20:37 | Queue | Villager (Male) |
| 20:48 | Build | Farm |
| 20:51 | Build | Farm |
| 20:51 | Queue | Villager (Male) |
| 20:52 | Queue | Villager (Male) |
Build order — PSX | King
First 150 of 380 actions detected
| 0:00 | Queue | Villager (Male) |
| 0:00 | Queue | Villager (Male) |
| 0:01 | Queue | Villager (Male) |
| 0:02 | Build | House |
| 0:03 | Build | House |
| 0:07 | Queue | Villager (Male) |
| 1:11 | Queue | Villager (Male) |
| 1:52 | Build | Lumber Camp |
| 1:56 | Queue | Villager (Male) |
| 1:56 | Queue | Villager (Male) |
| 2:24 | Queue | Villager (Male) |
| 2:39 | Queue | Villager (Male) |
| 3:08 | Build | House |
| 3:10 | Build | House |
| 3:15 | Build | House |
| 3:17 | Build | House |
| 3:19 | Queue | Villager (Male) |
| 3:39 | Queue | Villager (Male) |
| 3:59 | Queue | Villager (Male) |
| 4:07 | Queue | Villager (Male) |
| 4:37 | Build | Mill |
| 5:13 | Queue | Villager (Male) |
| 5:13 | Queue | Villager (Male) |
| 6:04 | Queue | Villager (Male) |
| 6:04 | Queue | Villager (Male) |
| 6:19 | Build | Mining Camp |
| 6:38 | Queue | Villager (Male) |
| 7:18 | Queue | Villager (Male) |
| 7:21 | Build | Mining Camp |
| 7:44 | Queue | Villager (Male) |
| 8:04 | Research | Loom |
| 8:06 | Research | Feudal Age |
| 9:02 | Queue | Villager (Male) |
| 9:02 | Queue | Villager (Male) |
| 10:55 | Age | Feudal Age |
| 10:57 | Build | Market |
| 11:00 | Build | Blacksmith |
| 11:42 | Build | Farm |
| 11:45 | Build | Farm |
| 11:46 | Build | Farm |
| 11:53 | Build | Farm |
| 12:00 | Research | Castle Age |
| 12:27 | Build | Farm |
| 12:44 | Queue | Villager (Male) |
| 12:50 | Research | Double-Bit Axe |
| 13:09 | Research | Horse Collar |
| 14:02 | Build | House |
| 14:11 | Queue | Villager (Male) |
| 14:40 | Age | Castle Age |
| 14:43 | Build | Castle |
| 14:56 | Research | Scale Mail Armor |
| 14:56 | Queue | Villager (Male) |
| 15:10 | Build | Mining Camp |
| 15:14 | Build | Farm |
| 15:26 | Queue | Villager (Male) |
| 15:28 | Research | Forging |
| 15:34 | Build | Lumber Camp |
| 15:46 | Queue | Gbeto |
| 15:54 | Build | Farm |
| 15:58 | Queue | Villager (Male) |
| 16:00 | Queue | Gbeto |
| 16:00 | Queue | Gbeto |
| 16:15 | Build | Farm |
| 16:21 | Queue | Villager (Male) |
| 16:26 | Build | Farm |
| 16:29 | Queue | Gbeto |
| 16:36 | Build | Farm |
| 16:47 | Queue | Villager (Male) |
| 17:11 | Build | Farm |
| 17:16 | Queue | Gbeto |
| 17:18 | Queue | Villager (Male) |
| 17:23 | Build | Farm |
| 17:44 | Queue | Villager (Male) |
| 17:49 | Queue | Petard |
| 17:55 | Queue | Villager (Male) |
| 18:09 | Queue | Gbeto |
| 18:14 | Queue | Villager (Male) |
| 18:17 | Build | Farm |
| 18:19 | Build | Farm |
| 18:29 | Build | Farm |
| 18:30 | Queue | Villager (Male) |
| 18:31 | Queue | Gbeto |
| 18:38 | Queue | Petard |
| 18:44 | Queue | Villager (Male) |
| 18:50 | Queue | Villager (Male) |
| 18:53 | Queue | Gbeto |
| 18:56 | Queue | Petard |
| 19:05 | Build | Farm |
| 19:13 | Queue | Villager (Male) |
| 19:15 | Queue | Petard |
| 19:27 | Research | Fletching |
| 19:32 | Build | Farm |
| 19:35 | Build | Farm |
| 19:42 | Queue | Petard |
| 19:46 | Queue | Petard |
| 19:47 | Queue | Villager (Male) |
| 19:52 | Queue | Villager (Male) |
| 20:09 | Research | Chain Mail Armor |
| 20:09 | Queue | Villager (Male) |
| 20:15 | Queue | Petard |
| 20:16 | Queue | Petard |
| 20:17 | Queue | Villager (Male) |
| 20:31 | Queue | Villager (Male) |
| 21:04 | Queue | Villager (Male) |
| 21:12 | Queue | Villager (Male) |
| 21:14 | Queue | Gbeto |
| 21:14 | Queue | Gbeto |
| 21:22 | Queue | Gbeto |
| 21:30 | Build | Farm |
| 21:30 | Build | Farm |
| 21:30 | Build | Farm |
| 21:31 | Build | Farm |
| 21:34 | Build | Farm |
| 21:40 | Queue | Gbeto |
| 21:40 | Queue | Gbeto |
| 22:10 | Queue | Villager (Male) |
| 22:19 | Research | Wheelbarrow |
| 22:22 | Research | Wheelbarrow |
| 22:26 | Research | Gold Mining |
| 22:40 | Queue | Gbeto |
| 22:41 | Queue | Gbeto |
| 23:08 | Research | Bow Saw |
| 23:12 | Queue | Villager (Male) |
| 23:15 | Queue | Gbeto |
| 23:43 | Build | House |
| 23:58 | Build | Town Center |
| 24:02 | Queue | Villager (Male) |
| 24:03 | Queue | Villager (Male) |
| 24:07 | Queue | Gbeto |
| 24:08 | Queue | Gbeto |
| 24:16 | Build | Outpost |
| 24:18 | Research | Town Watch |
| 24:23 | Build | Farm |
| 24:25 | Queue | Villager (Male) |
| 24:25 | Queue | Gbeto |
| 24:43 | Build | Lumber Camp |
| 25:00 | Queue | Petard |
| 25:00 | Queue | Petard |
| 25:00 | Queue | Petard |
| 25:01 | Queue | Petard |
| 25:12 | Build | House |
| 25:13 | Build | House |
| 25:22 | Queue | Villager (Male) |
| 25:23 | Queue | Villager (Male) |
| 25:28 | Research | Iron Casting |
| 25:32 | Research | Iron Casting |
| 25:41 | Queue | Villager (Male) |
| 25:41 | Queue | Villager (Male) |
| 25:43 | Build | Farm |
| 25:43 | Build | Farm |
Build order — Tesla_G
First 150 of 414 actions detected
| 0:01 | Queue | Villager (Male) |
| 0:01 | Queue | Villager (Male) |
| 0:02 | Build | House |
| 0:03 | Build | House |
| 0:03 | Queue | Villager (Male) |
| 0:07 | Queue | Villager (Male) |
| 1:27 | Queue | Villager (Male) |
| 1:58 | Queue | Villager (Male) |
| 2:12 | Queue | Villager (Male) |
| 2:24 | Build | Lumber Camp |
| 2:44 | Queue | Villager (Male) |
| 2:48 | Queue | Villager (Male) |
| 3:10 | Build | House |
| 3:12 | Build | House |
| 3:14 | Queue | Villager (Male) |
| 3:57 | Queue | Villager (Male) |
| 4:25 | Queue | Villager (Male) |
| 4:29 | Queue | Villager (Male) |
| 4:57 | Queue | Villager (Male) |
| 4:57 | Queue | Villager (Male) |
| 5:04 | Queue | Villager (Male) |
| 5:28 | Queue | Villager (Male) |
| 5:32 | Queue | Villager (Male) |
| 6:22 | Queue | Villager (Male) |
| 6:41 | Queue | Villager (Male) |
| 6:41 | Queue | Villager (Male) |
| 7:04 | Build | Mill |
| 7:30 | Queue | Villager (Male) |
| 7:31 | Queue | Villager (Male) |
| 8:23 | Build | Mining Camp |
| 8:38 | Research | Feudal Age |
| 9:46 | Build | Farm |
| 10:00 | Build | Farm |
| 10:13 | Queue | Villager (Male) |
| 10:17 | Build | House |
| 10:42 | Build | House |
| 10:55 | Age | Feudal Age |
| 11:04 | Build | Blacksmith |
| 11:22 | Build | Market |
| 11:23 | Queue | Villager (Male) |
| 11:28 | Queue | Villager (Male) |
| 12:17 | Build | Farm |
| 12:21 | Research | Castle Age |
| 12:25 | Build | House |
| 12:53 | Build | Lumber Camp |
| 13:17 | Research | Double-Bit Axe |
| 13:51 | Build | Mining Camp |
| 14:00 | Build | Stone Wall |
| 14:01 | Build | Stone Wall |
| 14:03 | Build | Stone Wall |
| 14:06 | Build | Stone Wall |
| 14:10 | Build | Gate |
| 14:19 | Queue | Villager (Male) |
| 14:25 | Research | Horse Collar |
| 14:40 | Research | Loom |
| 14:40 | Queue | Villager (Male) |
| 14:45 | Build | Farm |
| 14:46 | Build | Farm |
| 14:46 | Build | Farm |
| 14:47 | Queue | Villager (Male) |
| 14:48 | Queue | Villager (Male) |
| 14:57 | Build | Stone Wall |
| 15:01 | Age | Castle Age |
| 15:12 | Build | Siege Workshop |
| 15:14 | Queue | Villager (Male) |
| 15:25 | Build | Siege Workshop |
| 15:27 | Queue | Villager (Male) |
| 15:33 | Build | Gate |
| 15:45 | Queue | Villager (Male) |
| 15:55 | Build | Stone Wall |
| 16:07 | Build | Stone Wall |
| 16:19 | Queue | Mangonel |
| 16:45 | Build | Stone Wall |
| 16:50 | Build | Stone Wall |
| 17:03 | Build | Farm |
| 17:03 | Build | Farm |
| 17:45 | Queue | Mangonel |
| 17:47 | Queue | Villager (Male) |
| 17:48 | Queue | Villager (Male) |
| 17:52 | Build | Stone Wall |
| 17:55 | Build | Stone Wall |
| 17:56 | Build | Stone Wall |
| 17:59 | Build | Stone Wall |
| 18:07 | Queue | Villager (Male) |
| 18:14 | Build | Town Center |
| 18:42 | Queue | Villager (Male) |
| 18:48 | Queue | Villager (Male) |
| 19:01 | Queue | Mangonel |
| 19:03 | Build | House |
| 19:09 | Build | House |
| 19:10 | Build | House |
| 19:10 | Queue | Villager (Male) |
| 19:15 | Build | House |
| 19:34 | Queue | Villager (Male) |
| 19:45 | Build | Farm |
| 19:46 | Build | Farm |
| 19:46 | Build | Farm |
| 19:54 | Research | Heavy Plow |
| 20:05 | Build | Farm |
| 20:07 | Queue | Villager (Male) |
| 20:11 | Queue | Mangonel |
| 20:18 | Build | Farm |
| 20:19 | Queue | Villager (Male) |
| 20:25 | Build | Town Center |
| 20:31 | Build | Farm |
| 20:37 | Build | Farm |
| 20:38 | Queue | Villager (Male) |
| 20:38 | Queue | Villager (Male) |
| 21:03 | Build | Gate |
| 21:28 | Build | Gate |
| 21:33 | Queue | Villager (Male) |
| 21:33 | Queue | Villager (Male) |
| 21:36 | Queue | Mangonel |
| 21:37 | Queue | Villager (Male) |
| 21:37 | Queue | Villager (Male) |
| 21:46 | Build | Gate |
| 21:47 | Queue | Villager (Male) |
| 21:47 | Queue | Villager (Male) |
| 22:11 | Build | Farm |
| 22:11 | Build | Farm |
| 22:12 | Build | Farm |
| 22:12 | Build | Farm |
| 22:12 | Build | Farm |
| 22:17 | Research | Wheelbarrow |
| 22:28 | Queue | Villager (Male) |
| 22:28 | Queue | Villager (Male) |
| 22:49 | Queue | Villager (Male) |
| 22:49 | Queue | Villager (Male) |
| 22:56 | Build | Farm |
| 23:00 | Queue | Villager (Male) |
| 23:13 | Build | Farm |
| 23:13 | Build | Farm |
| 23:13 | Build | Farm |
| 23:14 | Build | Farm |
| 23:16 | Build | Farm |
| 23:16 | Build | Farm |
| 23:17 | Build | Farm |
| 23:19 | Queue | Villager (Male) |
| 23:20 | Queue | Villager (Male) |
| 23:20 | Queue | Villager (Male) |
| 23:27 | Build | Farm |
| 23:41 | Build | Farm |
| 23:56 | Queue | Villager (Male) |
| 23:57 | Queue | Villager (Male) |
| 24:42 | Queue | Villager (Male) |
| 24:44 | Build | Farm |
| 24:44 | Queue | Villager (Male) |
| 24:46 | Queue | Villager (Male) |
| 24:46 | Queue | Villager (Male) |
| 25:15 | Build | House |
Build order — CTM | BenOFF
First 150 of 460 actions detected
| 0:15 | Queue | Villager (Male) |
| 0:16 | Build | House |
| 0:18 | Build | House |
| 0:21 | Queue | Villager (Male) |
| 0:25 | Queue | Villager (Male) |
| 0:40 | Queue | Villager (Male) |
| 1:39 | Queue | Villager (Male) |
| 1:39 | Queue | Villager (Male) |
| 2:29 | Queue | Villager (Male) |
| 2:50 | Queue | Villager (Male) |
| 2:51 | Queue | Villager (Male) |
| 2:51 | Queue | Villager (Male) |
| 3:21 | Queue | Villager (Male) |
| 3:22 | Build | House |
| 3:29 | Queue | Villager (Male) |
| 3:32 | Build | Lumber Camp |
| 4:12 | Queue | Villager (Male) |
| 4:37 | Queue | Villager (Male) |
| 4:52 | Queue | Villager (Male) |
| 5:43 | Build | Mill |
| 5:48 | Queue | Villager (Male) |
| 6:06 | Queue | Villager (Male) |
| 6:18 | Build | House |
| 6:30 | Queue | Villager (Male) |
| 6:47 | Queue | Villager (Male) |
| 7:09 | Queue | Villager (Male) |
| 7:20 | Build | Mining Camp |
| 7:57 | Build | Farm |
| 8:07 | Research | Feudal Age |
| 10:17 | Age | Feudal Age |
| 10:20 | Queue | Villager (Male) |
| 10:30 | Build | Market |
| 10:43 | Queue | Villager (Male) |
| 10:47 | Build | Blacksmith |
| 11:12 | Queue | Villager (Male) |
| 11:48 | Queue | Villager (Male) |
| 12:10 | Research | Castle Age |
| 12:11 | Research | Castle Age |
| 12:37 | Build | Barracks |
| 12:52 | Build | Barracks |
| 13:02 | Queue | Villager (Male) |
| 13:10 | Research | Double-Bit Axe |
| 13:31 | Build | Farm |
| 13:37 | Research | Horse Collar |
| 13:37 | Research | Horse Collar |
| 13:57 | Build | Farm |
| 14:12 | Build | House |
| 14:23 | Build | Farm |
| 14:27 | Build | Farm |
| 14:37 | Build | Farm |
| 14:44 | Queue | Villager (Male) |
| 14:47 | Build | Farm |
| 14:50 | Age | Castle Age |
| 14:53 | Queue | Unit 1974 |
| 15:09 | Build | Barracks |
| 15:17 | Queue | Unit 1974 |
| 15:20 | Queue | Villager (Male) |
| 15:25 | Build | Farm |
| 15:36 | Research | Squires |
| 15:37 | Queue | Villager (Male) |
| 15:45 | Build | Farm |
| 15:57 | Queue | Unit 1974 |
| 16:02 | Build | House |
| 16:06 | Queue | Villager (Male) |
| 16:09 | Build | House |
| 16:13 | Queue | Villager (Male) |
| 16:19 | Build | Farm |
| 16:30 | Queue | Villager (Male) |
| 16:34 | Build | Farm |
| 16:40 | Build | House |
| 17:02 | Queue | Villager (Male) |
| 17:05 | Build | Farm |
| 17:14 | Queue | Unit 1974 |
| 17:14 | Queue | Unit 1974 |
| 17:25 | Queue | Villager (Male) |
| 17:29 | Build | Farm |
| 17:30 | Build | Farm |
| 17:48 | Queue | Villager (Male) |
| 17:51 | Build | House |
| 18:05 | Queue | Unit 1974 |
| 18:06 | Queue | Unit 1974 |
| 18:32 | Queue | Unit 1974 |
| 18:34 | Queue | Villager (Male) |
| 18:38 | Queue | Villager (Male) |
| 18:45 | Build | Town Center |
| 18:52 | Queue | Spearman |
| 18:52 | Queue | Spearman |
| 18:59 | Build | House |
| 19:11 | Queue | Spearman |
| 19:13 | Queue | Villager (Male) |
| 19:23 | Build | House |
| 19:24 | Queue | Spearman |
| 19:42 | Build | House |
| 19:43 | Queue | Villager (Male) |
| 20:03 | Build | House |
| 20:04 | Queue | Villager (Male) |
| 20:12 | Build | Town Center |
| 20:25 | Queue | Villager (Male) |
| 20:26 | Queue | Villager (Male) |
| 20:28 | Queue | Villager (Male) |
| 20:29 | Queue | Villager (Male) |
| 20:48 | Queue | Villager (Male) |
| 20:53 | Build | House |
| 20:55 | Queue | Villager (Male) |
| 20:58 | Build | Farm |
| 21:01 | Queue | Villager (Male) |
| 21:03 | Queue | Villager (Male) |
| 21:14 | Queue | Villager (Male) |
| 21:16 | Research | Loom |
| 21:17 | Queue | Villager (Male) |
| 21:23 | Build | Farm |
| 21:24 | Queue | Villager (Male) |
| 21:27 | Build | House |
| 21:43 | Queue | Villager (Male) |
| 21:55 | Build | Mining Camp |
| 21:59 | Queue | Villager (Male) |
| 22:00 | Queue | Villager (Male) |
| 22:04 | Build | House |
| 22:06 | Build | House |
| 22:12 | Queue | Villager (Male) |
| 22:20 | Queue | Villager (Male) |
| 22:25 | Build | Farm |
| 22:31 | Queue | Villager (Male) |
| 22:38 | Queue | Villager (Male) |
| 22:38 | Queue | Villager (Male) |
| 22:46 | Build | House |
| 22:51 | Queue | Villager (Male) |
| 22:52 | Queue | Villager (Male) |
| 23:03 | Build | Farm |
| 23:07 | Build | House |
| 23:10 | Build | House |
| 23:13 | Queue | Villager (Male) |
| 23:15 | Build | Farm |
| 23:16 | Queue | Villager (Male) |
| 23:22 | Build | Farm |
| 23:23 | Queue | Villager (Male) |
| 23:28 | Queue | Villager (Male) |
| 23:40 | Build | Farm |
| 23:43 | Build | House |
| 23:44 | Queue | Villager (Male) |
| 23:52 | Build | Farm |
| 23:54 | Queue | Villager (Male) |
| 23:57 | Queue | Villager (Male) |
| 24:03 | Build | House |
| 24:18 | Build | Farm |
| 24:19 | Queue | Villager (Male) |
| 24:20 | Queue | Villager (Male) |
| 24:24 | Build | Farm |
| 24:28 | Build | Farm |
| 24:29 | Queue | Villager (Male) |
Build order — AeroLag
First 150 of 505 actions detected
| 0:01 | Queue | Villager (Male) |
| 0:01 | Queue | Villager (Male) |
| 0:02 | Build | House |
| 0:04 | Build | House |
| 0:14 | Queue | Villager (Male) |
| 0:20 | Queue | Villager (Male) |
| 1:09 | Queue | Villager (Male) |
| 1:48 | Build | Lumber Camp |
| 1:56 | Queue | Villager (Male) |
| 1:57 | Queue | Villager (Male) |
| 2:23 | Queue | Villager (Male) |
| 3:18 | Queue | Villager (Male) |
| 3:26 | Queue | Villager (Male) |
| 3:51 | Build | Mill |
| 3:59 | Queue | Villager (Male) |
| 4:26 | Queue | Villager (Male) |
| 4:35 | Build | Mining Camp |
| 4:41 | Queue | Villager (Male) |
| 4:48 | Build | House |
| 5:18 | Queue | Villager (Male) |
| 5:18 | Queue | Villager (Male) |
| 5:21 | Build | House |
| 5:35 | Queue | Villager (Male) |
| 6:05 | Queue | Villager (Male) |
| 6:08 | Build | House |
| 7:04 | Queue | Villager (Male) |
| 7:59 | Queue | Villager (Male) |
| 8:00 | Queue | Villager (Male) |
| 8:00 | Queue | Villager (Male) |
| 8:38 | Queue | Villager (Male) |
| 9:22 | Queue | Villager (Male) |
| 9:22 | Queue | Villager (Male) |
| 9:23 | Queue | Villager (Male) |
| 9:23 | Queue | Villager (Male) |
| 9:58 | Build | Farm |
| 10:02 | Build | Farm |
| 10:05 | Build | Farm |
| 10:09 | Research | Feudal Age |
| 10:48 | Build | Mining Camp |
| 11:38 | Build | Farm |
| 11:49 | Queue | Villager (Male) |
| 11:49 | Queue | Villager (Male) |
| 12:08 | Build | Lumber Camp |
| 13:01 | Build | Farm |
| 13:04 | Age | Feudal Age |
| 13:10 | Build | House |
| 13:13 | Build | Market |
| 13:16 | Build | Blacksmith |
| 13:23 | Build | Stone Wall |
| 13:29 | Build | Stone Wall |
| 13:30 | Build | Stone Wall |
| 13:35 | Research | Loom |
| 13:49 | Research | Double-Bit Axe |
| 14:12 | Research | Castle Age |
| 14:18 | Build | Stone Wall |
| 14:27 | Build | Farm |
| 14:33 | Build | Stone Wall |
| 14:39 | Build | Stone Wall |
| 14:42 | Build | Stone Wall |
| 15:26 | Build | Stone Wall |
| 15:28 | Build | Stone Wall |
| 15:50 | Build | Stone Wall |
| 16:15 | Build | Stone Wall |
| 16:22 | Build | Stone Wall |
| 16:42 | Queue | Villager (Male) |
| 16:42 | Queue | Villager (Male) |
| 16:59 | Age | Castle Age |
| 17:01 | Build | Castle |
| 17:13 | Build | Barracks |
| 17:15 | Build | Barracks |
| 17:18 | Queue | Villager (Male) |
| 17:51 | Queue | Unit 2705 |
| 17:52 | Queue | Unit 2705 |
| 17:53 | Queue | Unit 2705 |
| 18:07 | Queue | Villager (Male) |
| 18:16 | Queue | Unit 2705 |
| 18:18 | Queue | Villager (Male) |
| 18:20 | Queue | Unit 2703 |
| 18:20 | Queue | Unit 2703 |
| 18:21 | Queue | Villager (Male) |
| 18:28 | Build | Stone Wall |
| 18:32 | Build | Stone Wall |
| 18:34 | Build | Stone Wall |
| 19:16 | Queue | Unit 2705 |
| 19:17 | Queue | Unit 2705 |
| 19:23 | Build | Farm |
| 19:49 | Queue | Unit 2703 |
| 19:54 | Queue | Unit 2703 |
| 19:54 | Queue | Unit 2703 |
| 19:56 | Queue | Unit 2705 |
| 20:03 | Queue | Villager (Male) |
| 20:11 | Queue | Villager (Male) |
| 20:29 | Queue | Villager (Male) |
| 20:56 | Build | Siege Workshop |
| 21:05 | Queue | Villager (Male) |
| 21:12 | Research | Forging |
| 21:18 | Queue | Villager (Male) |
| 21:36 | Build | House |
| 21:45 | Queue | Petard |
| 22:05 | Build | Farm |
| 22:05 | Build | Farm |
| 22:06 | Build | Farm |
| 22:18 | Queue | Petard |
| 22:36 | Build | Farm |
| 22:50 | Build | Gate |
| 22:59 | Queue | Battering Ram |
| 23:19 | Queue | Villager (Male) |
| 23:24 | Build | Farm |
| 23:26 | Queue | Villager (Male) |
| 23:43 | Research | Squires |
| 24:08 | Queue | Villager (Male) |
| 24:09 | Queue | Villager (Male) |
| 24:36 | Queue | Unit 2703 |
| 24:37 | Queue | Unit 2703 |
| 24:45 | Build | Town Center |
| 25:04 | Queue | Unit 2703 |
| 25:04 | Queue | Unit 2703 |
| 25:21 | Queue | Villager (Male) |
| 25:31 | Build | Town Center |
| 25:48 | Research | Scale Mail Armor |
| 26:01 | Build | Farm |
| 26:01 | Build | Farm |
| 26:02 | Build | Farm |
| 26:03 | Build | Farm |
| 26:07 | Queue | Villager (Male) |
| 26:24 | Queue | Villager (Male) |
| 26:32 | Queue | Villager (Male) |
| 26:37 | Build | Farm |
| 26:38 | Build | Farm |
| 26:38 | Build | Farm |
| 26:41 | Queue | Villager (Male) |
| 26:59 | Queue | Villager (Male) |
| 27:03 | Queue | Villager (Male) |
| 27:03 | Queue | Villager (Male) |
| 27:04 | Queue | Unit 2705 |
| 27:05 | Queue | Unit 2705 |
| 27:14 | Research | Iron Casting |
| 27:16 | Queue | Villager (Male) |
| 27:58 | Research | Wheelbarrow |
| 27:59 | Queue | Villager (Male) |
| 28:02 | Build | Farm |
| 28:02 | Build | Farm |
| 28:02 | Build | Farm |
| 28:03 | Build | Farm |
| 28:17 | Queue | Villager (Male) |
| 28:17 | Queue | Villager (Male) |
| 28:22 | Queue | Villager (Male) |
| 28:31 | Build | Farm |
| 28:33 | Queue | Villager (Male) |
| 28:51 | Queue | Villager (Male) |
Build order — CTM | chiwire
First 150 of 444 actions detected
| 0:02 | Build | House |
| 0:03 | Build | House |
| 0:04 | Queue | Villager (Male) |
| 0:04 | Queue | Villager (Male) |
| 0:04 | Queue | Villager (Male) |
| 0:04 | Queue | Villager (Male) |
| 1:28 | Queue | Villager (Male) |
| 1:28 | Queue | Villager (Male) |
| 1:52 | Build | Lumber Camp |
| 2:04 | Queue | Villager (Male) |
| 2:19 | Queue | Villager (Male) |
| 2:19 | Queue | Villager (Male) |
| 2:34 | Queue | Villager (Male) |
| 2:34 | Queue | Villager (Male) |
| 3:04 | Build | House |
| 3:05 | Build | House |
| 3:15 | Queue | Villager (Male) |
| 3:15 | Queue | Villager (Male) |
| 3:35 | Queue | Villager (Male) |
| 3:35 | Queue | Villager (Male) |
| 4:36 | Queue | Villager (Male) |
| 4:55 | Queue | Villager (Male) |
| 5:21 | Queue | Villager (Male) |
| 5:24 | Build | Mill |
| 6:03 | Queue | Villager (Male) |
| 6:04 | Queue | Villager (Male) |
| 6:04 | Queue | Villager (Male) |
| 7:11 | Research | Feudal Age |
| 7:14 | Queue | Villager (Male) |
| 7:14 | Research | Loom |
| 7:18 | Queue | Villager (Male) |
| 9:28 | Age | Feudal Age |
| 9:30 | Build | Blacksmith |
| 9:34 | Build | Market |
| 9:50 | Build | Mining Camp |
| 10:26 | Research | Castle Age |
| 10:33 | Research | Double-Bit Axe |
| 11:44 | Research | Gold Mining |
| 12:21 | Queue | Villager (Male) |
| 13:06 | Age | Castle Age |
| 13:08 | Build | Siege Workshop |
| 13:13 | Build | University |
| 13:33 | Queue | Villager (Male) |
| 13:34 | Queue | Villager (Male) |
| 13:34 | Queue | Villager (Male) |
| 13:50 | Queue | Battering Ram |
| 14:02 | Build | Siege Workshop |
| 14:06 | Build | House |
| 14:07 | Build | House |
| 14:26 | Queue | Villager (Male) |
| 14:36 | Queue | Scorpion |
| 14:36 | Queue | Scorpion |
| 14:52 | Queue | Battering Ram |
| 14:52 | Queue | Villager (Male) |
| 15:52 | Queue | Villager (Male) |
| 15:52 | Queue | Villager (Male) |
| 15:58 | Queue | Scorpion |
| 16:02 | Queue | Villager (Male) |
| 16:39 | Queue | Battering Ram |
| 16:40 | Queue | Villager (Male) |
| 16:40 | Queue | Villager (Male) |
| 16:48 | Build | Farm |
| 16:48 | Build | Farm |
| 16:48 | Build | Farm |
| 16:48 | Build | Farm |
| 16:48 | Build | Farm |
| 16:48 | Build | Farm |
| 17:45 | Queue | Villager (Male) |
| 17:45 | Queue | Villager (Male) |
| 17:58 | Queue | Battering Ram |
| 17:59 | Queue | Battering Ram |
| 18:03 | Build | House |
| 18:04 | Build | House |
| 18:23 | Queue | Villager (Male) |
| 18:28 | Build | Farm |
| 18:28 | Build | Farm |
| 18:43 | Build | Town Center |
| 18:55 | Queue | Villager (Male) |
| 18:58 | Build | Farm |
| 19:22 | Build | Farm |
| 19:23 | Build | Farm |
| 19:24 | Queue | Villager (Male) |
| 19:38 | Build | Farm |
| 19:50 | Queue | Villager (Male) |
| 20:07 | Research | Horse Collar |
| 20:08 | Research | Horse Collar |
| 20:11 | Build | Farm |
| 20:17 | Build | Farm |
| 20:20 | Build | Farm |
| 20:21 | Queue | Villager (Male) |
| 20:30 | Queue | Mangonel |
| 20:39 | Queue | Villager (Male) |
| 20:39 | Queue | Villager (Male) |
| 20:43 | Build | University |
| 20:51 | Build | Siege Workshop |
| 21:02 | Queue | Villager (Male) |
| 21:07 | Build | Farm |
| 21:10 | Build | Farm |
| 21:13 | Queue | Villager (Male) |
| 21:29 | Queue | Mangonel |
| 21:38 | Queue | Villager (Male) |
| 21:40 | Queue | Villager (Male) |
| 21:51 | Queue | Villager (Male) |
| 21:55 | Build | Farm |
| 21:57 | Build | Farm |
| 21:58 | Queue | Villager (Male) |
| 22:09 | Queue | Villager (Male) |
| 22:13 | Queue | Villager (Male) |
| 22:33 | Queue | Villager (Male) |
| 22:33 | Queue | Villager (Male) |
| 22:37 | Build | Town Center |
| 22:40 | Queue | Villager (Male) |
| 22:59 | Build | Farm |
| 23:02 | Build | Farm |
| 23:02 | Queue | Villager (Male) |
| 23:17 | Research | Bow Saw |
| 23:25 | Build | House |
| 23:26 | Build | House |
| 23:30 | Build | House |
| 23:35 | Queue | Villager (Male) |
| 23:37 | Build | House |
| 23:39 | Queue | Villager (Male) |
| 24:05 | Queue | Villager (Male) |
| 24:06 | Queue | Villager (Male) |
| 24:08 | Build | Farm |
| 24:19 | Queue | Villager (Male) |
| 24:19 | Queue | Villager (Male) |
| 24:33 | Queue | Villager (Male) |
| 24:35 | Build | Palisade Wall |
| 24:37 | Build | Palisade Wall |
| 24:46 | Queue | Villager (Male) |
| 24:46 | Queue | Villager (Male) |
| 24:58 | Build | Town Center |
| 25:06 | Research | Fletching |
| 25:07 | Queue | Villager (Male) |
| 25:18 | Queue | Scorpion |
| 25:18 | Queue | Scorpion |
| 25:22 | Queue | Villager (Male) |
| 25:23 | Queue | Villager (Male) |
| 25:25 | Queue | Villager (Male) |
| 25:29 | Queue | Scorpion |
| 25:50 | Build | Monastery |
| 25:53 | Build | Monastery |
| 26:22 | Queue | Villager (Male) |
| 26:22 | Queue | Villager (Male) |
| 26:41 | Build | Mining Camp |
| 27:08 | Build | Farm |
| 27:10 | Build | Farm |
| 27:12 | Build | Farm |
| 27:29 | Build | House |
Build order — Littlebread
First 150 of 489 actions detected
| 0:00 | Queue | Villager (Male) |
| 0:00 | Queue | Villager (Male) |
| 0:00 | Queue | Villager (Male) |
| 0:01 | Queue | Villager (Male) |
| 0:03 | Build | House |
| 0:05 | Build | House |
| 1:33 | Queue | Villager (Male) |
| 1:33 | Queue | Villager (Male) |
| 1:51 | Build | Lumber Camp |
| 2:03 | Queue | Villager (Male) |
| 2:03 | Queue | Villager (Male) |
| 2:17 | Queue | Villager (Male) |
| 2:17 | Queue | Villager (Male) |
| 2:17 | Queue | Villager (Male) |
| 2:25 | Queue | Villager (Male) |
| 2:54 | Queue | Villager (Male) |
| 2:54 | Queue | Villager (Male) |
| 3:38 | Build | Mill |
| 3:40 | Queue | Villager (Male) |
| 3:40 | Queue | Villager (Male) |
| 4:10 | Queue | Villager (Male) |
| 4:10 | Queue | Villager (Male) |
| 4:10 | Queue | Villager (Male) |
| 4:14 | Build | House |
| 4:15 | Build | House |
| 4:37 | Queue | Villager (Male) |
| 4:37 | Queue | Villager (Male) |
| 5:01 | Queue | Villager (Male) |
| 5:01 | Queue | Villager (Male) |
| 5:01 | Queue | Villager (Male) |
| 5:03 | Research | Loom |
| 5:47 | Queue | Villager (Male) |
| 5:47 | Queue | Villager (Male) |
| 5:47 | Queue | Villager (Male) |
| 6:26 | Queue | Villager (Male) |
| 6:26 | Queue | Villager (Male) |
| 6:26 | Queue | Villager (Male) |
| 7:23 | Queue | Villager (Male) |
| 7:23 | Queue | Villager (Male) |
| 7:23 | Queue | Villager (Male) |
| 8:13 | Queue | Villager (Male) |
| 8:13 | Queue | Villager (Male) |
| 8:33 | Build | Farm |
| 8:34 | Build | Farm |
| 8:35 | Build | Farm |
| 8:37 | Research | Feudal Age |
| 9:18 | Build | Mining Camp |
| 10:26 | Queue | Villager (Male) |
| 10:26 | Queue | Villager (Male) |
| 10:38 | Build | House |
| 10:43 | Build | House |
| 11:20 | Age | Feudal Age |
| 11:23 | Build | Market |
| 11:26 | Build | Blacksmith |
| 11:31 | Research | Double-Bit Axe |
| 11:43 | Queue | Villager (Male) |
| 12:21 | Build | House |
| 12:35 | Research | Castle Age |
| 13:22 | Build | Barracks |
| 13:49 | Research | Scale Barding Armor |
| 13:51 | Research | Horse Collar |
| 13:57 | Build | Farm |
| 14:09 | Build | Farm |
| 14:23 | Build | Stable |
| 14:40 | Queue | Spearman |
| 15:15 | Age | Castle Age |
| 15:17 | Queue | Villager (Male) |
| 15:18 | Queue | Villager (Male) |
| 15:26 | Build | Town Center |
| 15:42 | Research | Bow Saw |
| 15:45 | Build | Farm |
| 15:49 | Build | Farm |
| 15:51 | Build | Farm |
| 16:01 | Queue | Knight |
| 16:17 | Build | Mill |
| 16:19 | Queue | Villager (Male) |
| 16:19 | Queue | Villager (Male) |
| 16:19 | Queue | Villager (Male) |
| 16:33 | Build | Farm |
| 16:34 | Build | Farm |
| 16:34 | Build | Farm |
| 16:34 | Build | Farm |
| 16:34 | Build | Farm |
| 16:46 | Build | House |
| 16:47 | Build | House |
| 16:50 | Build | Farm |
| 16:51 | Queue | Villager (Male) |
| 16:56 | Queue | Knight |
| 17:11 | Build | Farm |
| 17:13 | Queue | Villager (Male) |
| 17:13 | Queue | Villager (Male) |
| 17:13 | Queue | Villager (Male) |
| 17:18 | Build | Farm |
| 17:21 | Queue | Villager (Male) |
| 17:21 | Queue | Villager (Male) |
| 17:31 | Queue | Knight |
| 17:31 | Queue | Knight |
| 17:59 | Research | Forging |
| 18:02 | Queue | Villager (Male) |
| 18:02 | Queue | Villager (Male) |
| 18:02 | Queue | Villager (Male) |
| 18:11 | Queue | Villager (Male) |
| 18:11 | Queue | Villager (Male) |
| 18:23 | Build | Farm |
| 18:23 | Build | Farm |
| 18:39 | Queue | Villager (Male) |
| 18:39 | Queue | Villager (Male) |
| 18:39 | Queue | Villager (Male) |
| 18:56 | Queue | Villager (Male) |
| 18:56 | Queue | Villager (Male) |
| 18:56 | Queue | Villager (Male) |
| 19:14 | Queue | Villager (Male) |
| 19:14 | Queue | Villager (Male) |
| 19:14 | Queue | Villager (Male) |
| 19:19 | Build | Town Center |
| 19:29 | Build | Mill |
| 19:39 | Research | Heavy Plow |
| 19:48 | Queue | Villager (Male) |
| 19:48 | Queue | Villager (Male) |
| 19:49 | Queue | Villager (Male) |
| 20:20 | Build | Farm |
| 20:21 | Build | Farm |
| 20:41 | Queue | Villager (Male) |
| 20:42 | Queue | Villager (Male) |
| 20:42 | Queue | Villager (Male) |
| 20:49 | Queue | Villager (Male) |
| 20:49 | Queue | Villager (Male) |
| 20:49 | Queue | Villager (Male) |
| 21:03 | Build | Town Center |
| 21:07 | Research | Wheelbarrow |
| 21:08 | Queue | Villager (Male) |
| 21:08 | Queue | Villager (Male) |
| 21:08 | Queue | Villager (Male) |
| 21:10 | Queue | Knight |
| 21:21 | Build | Stable |
| 21:21 | Queue | Villager (Male) |
| 21:22 | Queue | Villager (Male) |
| 21:22 | Queue | Villager (Male) |
| 21:35 | Queue | Knight |
| 21:39 | Research | Bloodlines |
| 21:43 | Research | Husbandry |
| 21:54 | Research | Gold Mining |
| 22:04 | Build | Mill |
| 22:05 | Build | Farm |
| 22:05 | Build | Farm |
| 22:05 | Build | Farm |
| 22:05 | Build | Farm |
| 22:06 | Build | Farm |
| 22:06 | Build | Farm |
| 22:06 | Build | Farm |
Build order — CTM | Franco*
First 150 of 391 actions detected
| 0:02 | Queue | Villager (Male) |
| 0:02 | Queue | Villager (Male) |
| 0:02 | Queue | Villager (Male) |
| 0:02 | Queue | Villager (Male) |
| 0:04 | Build | House |
| 0:06 | Build | House |
| 1:28 | Queue | Villager (Male) |
| 1:58 | Queue | Villager (Male) |
| 2:19 | Build | House |
| 2:20 | Build | House |
| 2:24 | Queue | Villager (Male) |
| 2:24 | Queue | Villager (Male) |
| 2:25 | Queue | Villager (Male) |
| 2:41 | Build | Lumber Camp |
| 3:12 | Queue | Villager (Male) |
| 3:13 | Queue | Villager (Male) |
| 3:13 | Queue | Villager (Male) |
| 3:34 | Queue | Villager (Male) |
| 4:36 | Queue | Villager (Male) |
| 4:36 | Queue | Villager (Male) |
| 4:36 | Queue | Villager (Male) |
| 4:44 | Queue | Villager (Male) |
| 4:44 | Queue | Villager (Male) |
| 4:50 | Build | Mill |
| 5:53 | Queue | Villager (Male) |
| 6:06 | Queue | Villager (Male) |
| 6:30 | Build | Mining Camp |
| 6:46 | Queue | Villager (Male) |
| 6:49 | Build | House |
| 6:51 | Build | House |
| 7:16 | Queue | Villager (Male) |
| 7:30 | Queue | Villager (Male) |
| 7:39 | Queue | Villager (Male) |
| 7:43 | Build | Lumber Camp |
| 8:38 | Queue | Villager (Male) |
| 9:08 | Queue | Villager (Male) |
| 9:19 | Queue | Villager (Male) |
| 9:45 | Research | Feudal Age |
| 10:07 | Research | Loom |
| 11:00 | Build | Farm |
| 11:02 | Build | Farm |
| 11:05 | Build | Farm |
| 11:07 | Build | Farm |
| 11:10 | Build | Farm |
| 12:01 | Build | Farm |
| 12:06 | Queue | Villager (Male) |
| 12:06 | Queue | Villager (Male) |
| 12:11 | Age | Feudal Age |
| 12:24 | Build | Market |
| 13:06 | Build | Blacksmith |
| 13:30 | Build | Mining Camp |
| 13:48 | Research | Castle Age |
| 14:22 | Research | Double-Bit Axe |
| 14:37 | Research | Horse Collar |
| 15:30 | Research | Gold Mining |
| 15:31 | Research | Stone Mining |
| 16:28 | Age | Castle Age |
| 16:32 | Queue | Villager (Male) |
| 16:33 | Queue | Villager (Male) |
| 16:38 | Build | Town Center |
| 16:47 | Build | Town Center |
| 16:57 | Build | Town Center |
| 17:04 | Queue | Villager (Male) |
| 17:07 | Research | Bow Saw |
| 17:33 | Queue | Villager (Male) |
| 17:57 | Build | Monastery |
| 17:58 | Queue | Villager (Male) |
| 18:23 | Build | Farm |
| 18:30 | Queue | Villager (Male) |
| 18:41 | Build | Farm |
| 18:42 | Build | Farm |
| 18:43 | Build | Farm |
| 18:51 | Build | House |
| 18:53 | Build | House |
| 18:54 | Queue | Villager (Male) |
| 19:01 | Queue | Monk |
| 19:01 | Queue | Monk |
| 19:08 | Research | Fervor |
| 19:09 | Queue | Villager (Male) |
| 19:13 | Build | Farm |
| 19:32 | Build | House |
| 19:33 | Build | House |
| 19:33 | Build | House |
| 19:37 | Build | House |
| 19:39 | Build | House |
| 19:42 | Build | Farm |
| 19:42 | Queue | Villager (Male) |
| 20:02 | Queue | Villager (Male) |
| 20:03 | Queue | Villager (Male) |
| 20:17 | Build | Farm |
| 20:17 | Queue | Villager (Male) |
| 20:22 | Build | House |
| 20:24 | Build | House |
| 20:25 | Queue | Villager (Male) |
| 20:52 | Build | House |
| 21:03 | Queue | Villager (Male) |
| 21:03 | Queue | Villager (Male) |
| 21:05 | Build | Farm |
| 21:08 | Build | Farm |
| 21:21 | Queue | Villager (Male) |
| 21:21 | Queue | Villager (Male) |
| 21:26 | Build | House |
| 21:32 | Queue | Villager (Male) |
| 21:37 | Build | Farm |
| 21:42 | Build | Farm |
| 21:46 | Queue | Villager (Male) |
| 21:50 | Build | Farm |
| 21:55 | Queue | Villager (Male) |
| 22:00 | Queue | Villager (Male) |
| 22:03 | Build | Farm |
| 22:21 | Build | House |
| 22:23 | Build | House |
| 22:25 | Build | House |
| 22:28 | Build | Farm |
| 22:28 | Queue | Villager (Male) |
| 22:28 | Queue | Villager (Male) |
| 22:29 | Queue | Villager (Male) |
| 22:44 | Queue | Villager (Male) |
| 22:46 | Queue | Villager (Male) |
| 22:49 | Build | Farm |
| 22:56 | Build | Castle |
| 22:59 | Build | House |
| 23:01 | Queue | Villager (Male) |
| 23:04 | Build | Farm |
| 23:07 | Queue | Villager (Male) |
| 23:12 | Queue | Villager (Male) |
| 23:12 | Queue | Villager (Male) |
| 23:17 | Build | Farm |
| 23:21 | Build | House |
| 23:22 | Build | House |
| 23:23 | Build | House |
| 23:24 | Build | House |
| 23:26 | Queue | Villager (Male) |
| 23:27 | Queue | Villager (Male) |
| 23:36 | Queue | Villager (Male) |
| 23:41 | Build | Farm |
| 23:45 | Queue | Villager (Male) |
| 23:47 | Queue | Villager (Male) |
| 23:56 | Queue | Villager (Male) |
| 24:01 | Build | Farm |
| 24:06 | Build | Farm |
| 24:13 | Queue | Villager (Male) |
| 24:14 | Queue | Villager (Male) |
| 24:14 | Queue | Villager (Male) |
| 24:16 | Queue | Villager (Male) |
| 24:17 | Queue | Villager (Male) |
| 24:21 | Build | Lumber Camp |
| 24:24 | Queue | Villager (Male) |
| 24:28 | Build | Farm |
| 24:35 | Queue | Unit 2708 |
Match timeline
| 9:28 | CTM | chiwire · age_up feudal |
| 10:17 | CTM | BenOFF · age_up feudal |
| 10:25 | CTM | chiwire · first_market_sell 100 stone |
| 10:55 | PSX | King · age_up feudal |
| 10:55 | Tesla_G · age_up feudal |
| 10:56 | AXEL2904 · age_up feudal |
| 11:20 | Littlebread · age_up feudal |
| 11:55 | PSX | King · first_market_buy 100 food |
| 12:11 | CTM | Franco* · age_up feudal |
| 12:37 | CTM | BenOFF · first_building Barracks |
| 13:04 | AeroLag · age_up feudal |
| 13:06 | CTM | chiwire · age_up castle |
| 13:08 | CTM | chiwire · first_building Siege Workshop |
| 13:22 | Littlebread · first_building Barracks |
| 13:23 | AeroLag · wall_segment Stone Wall x1 |
| 13:29 | AeroLag · wall_segment Stone Wall x3 |
| 13:30 | AeroLag · wall_segment Stone Wall x1 |
| 13:33 | CTM | chiwire · first_market_buy 100 food |
| 14:00 | Tesla_G · wall_segment Stone Wall x1 |
| 14:01 | Tesla_G · wall_segment Stone Wall x1 |
| 14:03 | Tesla_G · wall_segment Stone Wall x2 |
| 14:06 | Tesla_G · wall_segment Stone Wall x13 |
| 14:10 | AeroLag · first_market_sell 100 food |
| 14:18 | AeroLag · wall_segment Stone Wall x1 |
| 14:23 | Littlebread · first_building Stable |
| 14:33 | AXEL2904 · age_up castle |
| 14:33 | AeroLag · wall_segment Stone Wall x1 |
| 14:39 | AeroLag · wall_segment Stone Wall x1 |
| 14:40 | PSX | King · age_up castle |
| 14:42 | AeroLag · wall_segment Stone Wall x6 |
| 14:43 | PSX | King · first_building Castle |
| 14:50 | CTM | BenOFF · age_up castle |
| 14:57 | Tesla_G · wall_segment Stone Wall x11 |
| 15:01 | Tesla_G · age_up castle |
| 15:12 | Tesla_G · first_building Siege Workshop |
| 15:15 | Littlebread · age_up castle |
| 15:26 | AeroLag · wall_segment Stone Wall x1 |
| 15:28 | AeroLag · wall_segment Stone Wall x6 |
| 15:39 | Littlebread · first_market_buy 100 food |
| 15:50 | AeroLag · wall_segment Stone Wall x1 |
| 15:55 | Tesla_G · wall_segment Stone Wall x1 |
| 16:07 | Tesla_G · wall_segment Stone Wall x8 |
| 16:15 | AeroLag · wall_segment Stone Wall x1 |
| 16:22 | AeroLag · wall_segment Stone Wall x1 |
| 16:28 | CTM | Franco* · age_up castle |
| 16:45 | Tesla_G · wall_segment Stone Wall x1 |
| 16:50 | Tesla_G · wall_segment Stone Wall x1 |
| 16:59 | AeroLag · age_up castle |
| 17:01 | AeroLag · first_building Castle |
| 17:13 | AeroLag · first_building Barracks |
| 17:30 | Littlebread · first_market_sell 100 wood |
| 17:40 | AXEL2904 · first_building Monastery |
| 17:52 | Tesla_G · wall_segment Stone Wall x12 |
| 17:55 | Tesla_G · wall_segment Stone Wall x1 |
| 17:56 | Tesla_G · wall_segment Stone Wall x1 |
| 17:57 | CTM | Franco* · first_building Monastery |
| 17:59 | Tesla_G · wall_segment Stone Wall x1 |
| 18:24 | AXEL2904 · first_market_sell 100 wood |
| 18:28 | AeroLag · wall_segment Stone Wall x1 |
| 18:32 | AeroLag · wall_segment Stone Wall x1 |
| 18:34 | AeroLag · wall_segment Stone Wall x1 |
| 19:52 | AeroLag · first_market_buy 100 food |
| 20:56 | AeroLag · first_building Siege Workshop |
| 22:17 | AXEL2904 · first_market_buy 100 stone |
| 22:56 | CTM | Franco* · first_building Castle |
| 23:33 | CTM | BenOFF · first_market_buy 100 stone |
| 24:35 | CTM | chiwire · wall_segment Palisade Wall x1 |
| 24:37 | CTM | chiwire · wall_segment Palisade Wall x1 |
| 25:30 | AXEL2904 · first_building Barracks |
| 25:50 | CTM | chiwire · first_building Monastery |
| 26:00 | CTM | BenOFF · first_building Castle |
| 26:58 | AXEL2904 · first_building Stable |
| 27:14 | AXEL2904 · first_building Castle |
| 27:17 | Tesla_G · wall_segment Stone Wall x5 |
| 27:32 | CTM | Franco* · first_building Barracks |
| 28:19 | AXEL2904 · first_building Archery Range |
| 28:56 | CTM | Franco* · first_building Stable |
| 29:10 | CTM | BenOFF · first_building Stable |
| 29:15 | Tesla_G · first_building Castle |
| 29:21 | CTM | Franco* · tribute_sent a jugador 1 |
| 29:21 | CTM | Franco* · tribute_sent a jugador 2 |
| 29:21 | CTM | Franco* · tribute_sent a jugador 3 |
| 29:21 | CTM | Franco* · tribute_sent a jugador 4 |
| 29:21 | CTM | Franco* · tribute_sent a jugador 5 |
| 29:21 | CTM | Franco* · tribute_sent a jugador 6 |
| 29:21 | CTM | Franco* · tribute_sent a jugador 7 |
| 29:52 | Littlebread · first_building Monastery |
| 30:05 | Tesla_G · age_up imperial |
| 30:27 | Tesla_G · first_market_sell 100 wood |
| 30:48 | AXEL2904 · age_up imperial |
| 30:58 | Tesla_G · first_building Barracks |
| 32:11 | Littlebread · tribute_sent a jugador 1 |
| 32:11 | Littlebread · tribute_sent a jugador 2 |
| 32:11 | Littlebread · tribute_sent a jugador 3 |
| 32:11 | Littlebread · tribute_sent a jugador 4 |
| 32:11 | Littlebread · tribute_sent a jugador 5 |
| 32:11 | Littlebread · tribute_sent a jugador 6 |
| 32:11 | Littlebread · tribute_sent a jugador 8 |
| 32:21 | PSX | King · first_building Barracks |
| 32:24 | CTM | BenOFF · first_market_sell 100 food |
| 32:30 | CTM | BenOFF · age_up imperial |
| 32:34 | PSX | King · age_up imperial |
| 32:47 | PSX | King · first_market_sell 100 wood |
| 33:02 | CTM | Franco* · tribute_sent a jugador 1 |
| 33:02 | CTM | Franco* · tribute_sent a jugador 2 |
| 33:02 | CTM | Franco* · tribute_sent a jugador 3 |
| 33:02 | CTM | Franco* · tribute_sent a jugador 4 |
| 33:02 | CTM | Franco* · tribute_sent a jugador 5 |
| 33:02 | CTM | Franco* · tribute_sent a jugador 6 |
| 33:02 | CTM | Franco* · tribute_sent a jugador 7 |
| 33:04 | Tesla_G · first_building Archery Range |
| 33:11 | CTM | BenOFF · tribute_sent a jugador 1 |
| 33:11 | CTM | BenOFF · tribute_sent a jugador 2 |
| 33:11 | CTM | BenOFF · tribute_sent a jugador 3 |
| 33:11 | CTM | BenOFF · tribute_sent a jugador 5 |
| 33:11 | CTM | BenOFF · tribute_sent a jugador 6 |
| 33:11 | CTM | BenOFF · tribute_sent a jugador 7 |
| 33:11 | CTM | BenOFF · tribute_sent a jugador 8 |
| 33:19 | Tesla_G · first_building Stable |
| 33:35 | CTM | Franco* · age_up imperial |
| 33:37 | AXEL2904 · first_building Siege Workshop |
| 33:53 | Littlebread · age_up imperial |
| 34:01 | Tesla_G · first_market_buy 100 food |
| 34:21 | PSX | King · first_building Stable |
| 34:41 | Tesla_G · wall_segment Stone Wall x1 |
| 34:46 | Tesla_G · wall_segment Stone Wall x4 |
| 35:03 | AXEL2904 · wall_segment Stone Wall x13 |
| 35:08 | AXEL2904 · wall_segment Stone Wall x4 |
| 35:08 | Littlebread · first_building Castle |
| 35:10 | Littlebread · wall_segment Stone Wall x4 |
| 35:27 | PSX | King · tribute_sent a jugador 1 |
| 35:27 | PSX | King · tribute_sent a jugador 3 |
| 35:27 | PSX | King · tribute_sent a jugador 4 |
| 35:27 | PSX | King · tribute_sent a jugador 5 |
| 35:27 | PSX | King · tribute_sent a jugador 6 |
| 35:27 | PSX | King · tribute_sent a jugador 7 |
| 35:27 | PSX | King · tribute_sent a jugador 8 |
| 35:29 | AeroLag · age_up imperial |
| 35:40 | PSX | King · tribute_sent a jugador 1 |
| 35:40 | PSX | King · tribute_sent a jugador 3 |
| 35:40 | PSX | King · tribute_sent a jugador 4 |
| 35:40 | PSX | King · tribute_sent a jugador 5 |
| 35:40 | PSX | King · tribute_sent a jugador 6 |
| 35:40 | PSX | King · tribute_sent a jugador 7 |
| 35:40 | PSX | King · tribute_sent a jugador 8 |
| 37:54 | Littlebread · wall_segment Stone Wall x1 |
| 38:03 | CTM | BenOFF · first_building Siege Workshop |
| 39:51 | CTM | BenOFF · tribute_sent a jugador 1 |
| 39:51 | CTM | BenOFF · tribute_sent a jugador 2 |
| 39:51 | CTM | BenOFF · tribute_sent a jugador 3 |
| 39:51 | CTM | BenOFF · tribute_sent a jugador 5 |
| 39:51 | CTM | BenOFF · tribute_sent a jugador 6 |
| 39:51 | CTM | BenOFF · tribute_sent a jugador 7 |
| 39:51 | CTM | BenOFF · tribute_sent a jugador 8 |
| 40:08 | Littlebread · tribute_sent a jugador 1 |
| 40:08 | Littlebread · tribute_sent a jugador 2 |
| 40:08 | Littlebread · tribute_sent a jugador 3 |
| 40:08 | Littlebread · tribute_sent a jugador 4 |
| 40:08 | Littlebread · tribute_sent a jugador 5 |
| 40:08 | Littlebread · tribute_sent a jugador 6 |
| 40:08 | Littlebread · tribute_sent a jugador 8 |
| 40:12 | PSX | King · wall_segment Stone Wall x1 |
| 40:32 | PSX | King · wall_segment Stone Wall x1 |
| 40:34 | PSX | King · wall_segment Stone Wall x1 |
| 40:36 | PSX | King · wall_segment Stone Wall x3 |
| 40:44 | CTM | chiwire · first_building Castle |
| 40:49 | CTM | chiwire · first_building Barracks |
| 41:02 | Littlebread · first_building Siege Workshop |
| 43:19 | CTM | chiwire · age_up imperial |
| 44:31 | CTM | Franco* · tribute_sent a jugador 1 |
| 44:31 | CTM | Franco* · tribute_sent a jugador 2 |
| 44:31 | CTM | Franco* · tribute_sent a jugador 3 |
| 44:31 | CTM | Franco* · tribute_sent a jugador 4 |
| 44:31 | CTM | Franco* · tribute_sent a jugador 5 |
| 44:31 | CTM | Franco* · tribute_sent a jugador 6 |
| 44:31 | CTM | Franco* · tribute_sent a jugador 7 |
| 44:40 | CTM | chiwire · first_building Archery Range |
| 45:29 | Littlebread · wall_segment Stone Wall x1 |
| 46:44 | CTM | BenOFF · resign |
[ AI ANALYSIS · 1 CREDIT ]
What really happened in this match?
Wolo.gg analyzes every decision: build order, eco, micro, common mistakes by bracket. Personalized analysis on WhatsApp or Discord in 30 seconds.
Civ guide
Civ #61
Perfil
Jugador #18635045